 Dungeon Crawl Stone Soup version 0.27.1 (webtiles) character file.

Game seed: 10064119810760617359

205 ZARRMARR the Magician (level 5, 0/33 HPs)
             Began as an Octopode Transmuter on Sept 1, 2021.
             Slain by a goblin (5 damage)
             ... led by Robin
             ... on level 3 of the Dungeon.
             The game lasted 00:16:04 (3814 turns).

ZARRMARR the Magician (Octopode Transmuter)         Turns: 3814, Time: 00:16:04

Health: 0/33       AC:  1    Str:  9    XL:     5   Next: 83%
Magic:  10/10      EV: 13    Int: 16    God:
Gold:   51         SH:  0    Dex: 13    Spells: 9/11 levels left

rFire    . . .     SeeInvis .     - Unarmed
rCold    . . .     Faith    .   (no shield)
rNeg     . . .     Spirit   .   (helmet currently unavailable)
rPois    .         Reflect  .   (no amulet)
rElec    .         Harm     .   (no ring)
rCorr    .         Rampage  .   (no ring)
Will     .....                  (no ring)
Stlth    ++........             (no ring)
HPRegen  0.11/turn              (no ring)
MPRegen  0.12/turn              (no ring)
                                (no ring)
                                (no ring)

@: appendages
A: tentacle spike 3, almost no armour, amphibious, 8 rings, camouflage 1,
gelatinous body 1, (nimble swimmer 1), tentacles
a: End Transformation


You were on level 3 of the Dungeon.
One of your tentacles had grown a beastly spike.
You visited 1 branch of the dungeon, and saw 4 of its levels.

You collected 51 gold pieces.

Inventory:

Missiles
 i - a throwing net
Wands
 b - a wand of mindburst (9)
Scrolls
 a - a scroll of teleportation
Potions
 c - 2 potions of curing
 d - 2 potions of flight {unknown}
 e - a potion of might {unknown}
 f - a potion of haste {unknown}
 g - a potion of lignification {unknown}
 h - 3 potions of brilliance
 j - a potion of resistance {unknown}


   Skills:
 - Level 1.0 Fighting
 - Level 2.0 Dodging
 - Level 3.0 Unarmed Combat
 + Level 3.9 Spellcasting
 * Level 1.9 Translocations
 + Level 3.8 Transmutations


You had 9 spell levels left.
You knew the following spells:

 Your Spells              Type           Power      Damage    Failure   Level
a - Beastly Appendage     Tmut           30%        N/A       3%          1
b - Apportation           Tloc           18%        N/A       8%          1

Your spell library contained the following spells:

 Spells                   Type           Power      Damage    Failure   Level
 Wereblood                Tmut           15%        N/A       5%          2
 Blink                    Tloc           N/A        N/A       12%         2
 Lesser Beckoning         Tloc           4%         N/A       22%         3
 Spider Form              Tmut/Pois      4%         N/A       24%         3
 Ice Form                 Ice/Tmut       9%         N/A       61%         4
 Manifold Assault         Tloc           9%         N/A       91%         5
 Dispersal                Tloc           4%         N/A       100%        6
 Malign Gateway           Summ/Tloc      3%         N/A       100%        7
 Disjunction              Tloc           4%         N/A       100%        8


Dungeon Overview and Level Annotations

Branches:
Dungeon (4/15)
 Temple: D:4-7

Altars:
Kikubaaqudgha

Annotations:
D:3 Grinder


Innate Abilities, Weirdness & Mutations

One of your tentacles has grown a beastly spike.
You cannot wear most types of armour.
You are amphibious.
You can wear up to eight rings at the same time.
Your skin changes colour to match your surroundings (Stealth+).
Your rubbery body absorbs attacks. (AC +1, EV +1)
((You are camouflaged near water. (Stealth+)))
You have tentacles for arms and can constrict up to eight enemies at once.


Message History

Your grab misses the hobgoblin.
The hobgoblin is lightly wounded.
Something hits you.
Deactivating autopickup; reactivate with Ctrl-A.
The hobgoblin misses you.
You tentacle-slap the hobgoblin but do no damage.
You grab the hobgoblin.
The hobgoblin is lightly wounded.
Your tentacle spike disappears.
You constrict the hobgoblin. Something hits you.
The hobgoblin barely misses you.
Casting: Beastly Appendage (safe; 3% risk of failure)
Confirm with . or Enter, or press ? or * to list all spells.
One of your tentacles grows a vicious spike.
You constrict the hobgoblin. Something hits you. The hobgoblin hits you.
You tentacle-slap the hobgoblin.
You kill the hobgoblin!
Something hits you. Something hits you. Something barely misses you.
Something hits you.
You closely miss something.
You pierce something.
You closely miss something. Something barely misses you.
You closely miss something. Something hits you.
You barely miss something. Your squeeze misses something. Something hits you.
You barely miss something. Something hits you.
* * * LOW HITPOINT WARNING * * *
There is a strange disturbance nearby!
You feel better. Something hits you.
* * * LOW HITPOINT WARNING * * *
Unknown command.
You miss something.
You pierce something.
Something hits you.
* * * LOW HITPOINT WARNING * * *
You barely miss something.
Your tentacle spike misses something.
Something hits you.
* * * LOW HITPOINT WARNING * * *
You feel better. Something hits you.
* * * LOW HITPOINT WARNING * * *
You closely miss something. Something hits you.
You die...

##### ....# ###.# #.# #.#
###.#### ########## ############
.......###........# #..5...§....
.......'.......>@{# #.# ##.#
.......###.....†..####.# #..#
......## #.##.......##.### #..#
......####.##..#######.#.#####..#
......##.........................
.......<##.##..#######.#.#####..#
......####.#.............# #..#
......# #.#...####.####.# #..#
#+#'#.####.#...##.<.# #.# #..#


There were no monsters in sight!

Vanquished Creatures
  Ijyb (D:3)
  An iguana (D:3)
  Robin (D:4)
  A gnoll (D:1)
  4 adders
  A worm (D:3)
  3 dart slugs
  An orc (D:4)
  8 ball pythons
  8 endoplasms
  4 giant cockroaches
  11 goblins
  6 hobgoblins
  13 jackals
  5 kobolds
  3 quokkas
  5 bats
  3 frilled lizards
  3 rats (D:1)
82 creatures vanquished.

Vanquished Creatures (others)
  A plant (D:1)
1 creature vanquished.

Grand Total: 83 creatures vanquished

Notes
Turn   | Place    | Note
-------+----------+-------------------------------------------
     0 | D:1      | ZARRMARR the Octopode Transmuter began the quest for the
                  | Orb.
     0 | D:1      | Reached XP level 1. HP: 13/13 MP: 3/3
   260 | D:1      | Reached XP level 2. HP: 10/18 MP: 2/5
   414 | D:1      | Got the Volume of the Voyage
   417 | D:1      | Learned a level 1 spell: Apportation
   574 | D:1      | Reached XP level 3. HP: 23/23 MP: 4/6
  1421 | D:2      | Reached skill level 1 in Translocations
  1421 | D:2      | Reached XP level 4. HP: 19/28 MP: 6/8
  1967 | D:2      | Found an ancient bone altar of Kikubaaqudgha.
  2229 | D:2      | Found a faded altar of an unknown god.
  3097 | D:3      | Noticed Ijyb
  3112 | D:3      | Killed Ijyb
  3113 | D:3      | Reached XP level 5. HP: 31/33 MP: 10/10
  3752 | D:3      | Noticed Grinder
  3778 | D:4      | Noticed Robin
  3780 | D:4      | Killed Robin
  3814 | D:3      | Slain by a goblin

Illustrated notes

Levels and vault maps discovered:
D:1:      dpeg_arrival_orchard, layout_basic
D:2:      layout_basic, basic_altar, dreamdust_ecumenical_altar_statues,
          kennysheep_path_1, minmay_fountain_box, minmay_liquid_box,
          dk_vineyard_2
D:3:      layout_basic, uniq_grinder, uniq_ijyb
D:4:      layout_loops_ring, grunt_temple_overflow_champion_of_chaos,
          nzn_hepliaklqana_mist_gate, serial_forest, infiniplex_forest_corner_1,
          infiniplex_forest_clump_curved, infiniplex_forest_lined_3_way,
          infiniplex_forest_lined_4_way, infiniplex_forest_lined_2,
          infiniplex_forest_clump_tiny, minmay_misc_feat_four_crosses,
          st_stairs_12, uniq_edmund, uniq_robin, uniq_natasha

Skill      XL: |  1  2  3 |
---------------+----------+-----
Spellcasting   | 3 |  3.9
Transmutations | 3 |  3.8
Translocations | 1 |  1.9
Fighting       | |  1.0
Dodging        | |  2.0
Unarmed Combat | |  3.0

Action                   |  1- 3 |  4- 6 || total
-------------------------+-------+-------++-------
Melee: Unarmed           |    88 |   102 ||   190
       Constrict         |    27 |    23 ||    50
       Kick              |    18 |    28 ||    46
       Tentacles         |    15 |    20 ||    35
       Punch             |     2 |     3 ||     5
 Cast: Beastly Appendage |    20 |    30 ||    50
       Apportation       |     6 |     3 ||     9
Evoke: Wand              |       |     8 ||     8
  Use: Scroll            |       |     3 ||     3
       Potion            |       |     2 ||     2
 Stab: Sleeping          |     5 |     2 ||     7
Armor: Skin              |     6 |     7 ||    13
Dodge: Dodged            |    40 |    50 ||    90
